 Dungeon Crawl Stone Soup version 0.23-b1-6-ga921848 (webtiles) character file.

Game seed: 15022267203419529420

67 dvd the Charlatan (level 3, -4/29 HPs)
             Began as a Minotaur Artificer on Feb 1, 2019.
             Asphyxiated
             ... on level 3 of the Dungeon.
             The game lasted 00:08:01 (2138 turns).

dvd the Charlatan (Minotaur Artificer)              Turns: 2138, Time: 00:08:02

Health: -4/29      AC:  6    Str: 16    XL:     3   Next: 98%
Magic:  4/4        EV: 11    Int:  8    God:
Gold:   113        SH:  3    Dex: 11    Spells: 2/2 levels left

rFire    + + .     SeeInvis .   v - +0 hand axe
rCold    + . .     Gourm    .   w - +0 buckler
rNeg     . . .     Faith    .   l - +0 ring mail
rPois    +         Spirit   .   (helmet restricted)
rElec    +         Reflect  .   (no cloak)
rCorr    +         Harm     .   x - +0 pair of gloves
MR       +....                  (no boots)
Stlth    +.........             (no amulet)
HPRegen  0.09/turn              y - ring of protection from magic
MPRegen  0.09/turn              i - ring of protection from fire

@: lethally poisoned (-4 -> -19), resistant, slowed, very slow
A: retaliatory headbutt, horns 2
a: no special abilities


You were on level 3 of the Dungeon.
You were not hungry.

You visited 1 branch of the dungeon, and saw 3 of its levels.

You collected 113 gold pieces.

Inventory:

Hand Weapons
 a - a +0 short sword
 j - a +0 club
 v - a +0 hand axe (weapon)
Armour
 l - a +0 ring mail (worn)
 w - a +0 buckler (worn)
 x - a +0 pair of gloves (worn)
Jewellery
 b - an uncursed ring of wizardry
 h - an uncursed ring of stealth
 i - a ring of protection from fire (right hand)
 q - an uncursed ring of fire
 y - a ring of protection from magic (left hand)
Wands
 c - a wand of flame (14)
 d - a wand of enslavement (14)
 e - a wand of random effects (13)
Scrolls
 k - 4 scrolls of identify {unknown}
 m - a scroll of random uselessness {unknown}
 n - a scroll of amnesia {unknown}
 p - a scroll of teleportation {unknown}
 r - a scroll of magic mapping {unknown}
 s - 5 scrolls of remove curse {unknown}
Potions
 g - a potion of heal wounds {unknown}
 t - a potion of curing {unknown}
 u - a potion of resistance
 z - a potion of berserk rage {unknown}
Comestibles
 f - 3 rations


   Skills:
 + Level 2.0 Fighting
 + Level 1.5 Short Blades
 + Level 0.8 Maces & Flails
 + Level 0.7 Armour
 + Level 2.9 Dodging
 + Level 0.8 Stealth
 + Level 3.5 Evocations


You had 2 spell levels left.
You didn't know any spells.
Your spell library was empty.

Dungeon Overview and Level Annotations

Branches:
Dungeon (3/15)

Altars:
Qazlal


Innate Abilities, Weirdness & Mutations

You reflexively headbutt those who attack you in melee.
You have a pair of horns on your head.


Message History

The giant cockroach barely misses you. The gnoll closely misses you.
Found 9 gold pieces.
A kobold comes into view.
The kobold shouts!
The kobold wields a +0 blowgun.
The kobold shoots a curare-tipped needle.
The curare-tipped needle hits you.
You are lethally poisoned!
You have difficulty breathing.
* * * LOW HITPOINT WARNING * * *
You feel yourself slow down.
It was a potion of resistance.
You feel protected.
* * * LOW HITPOINT WARNING * * *
You feel sick.
The kobold shoots a curare-tipped needle.
The curare-tipped needle barely misses you.
The kobold shoots a curare-tipped needle.
The curare-tipped needle hits you.
You have difficulty breathing.
You die...

###### K.# #....#
#..$.########.##.##
# #...@g.g.s.g...#
#.##########.##..#
#..<.รท...#
#.#..g....!.
########.#
#.#..!......
#.###.#...##.###
########.....###.#
#
.................#
##################


You could see 3 gnolls, a giant cockroach and a kobold.

Vanquished Creatures
  An adder (D:2)
  An ooze (D:1)
  2 dart slugs (D:1)
  A ball python (D:1)
  3 giant cockroaches (D:1)
  4 goblins
  2 hobgoblins
  7 jackals (D:1)
  4 kobolds
  2 quokkas (D:2)
  12 bats
  A frilled lizard (D:1)
  5 rats
45 creatures vanquished.

Notes
Turn   | Place    | Note
-------+----------+-------------------------------------------
     0 | D:1      | dvd the Minotaur Artificer began the quest for the Orb.
     0 | D:1      | Reached XP level 1. HP: 16/16 MP: 1/1
    42 | D:1      | Reached skill level 3 in Evocations
    42 | D:1      | Reached XP level 2. HP: 18/23 MP: 1/3
   726 | D:1      | Reached XP level 3. HP: 22/28 MP: 4/4
  1502 | D:2      | Found a stormy altar of Qazlal.
  2138 | D:3      | Asphyxiated

Skill      XL: |  1  2  3 |
---------------+----------+-----
Evocations     | 3 |  3.5
Fighting       | 2 |  2.0
Short Blades   | |  1.5
Maces & Flails | |  0.8
Armour         | |  0.7
Dodging        | |  2.9
Stealth        | |  0.8

Action                   || total
-------------------------++-------
Melee: Short sword       ||    25
       Headbutt          ||    23
       Club              ||    48
       Hand axe          ||    45
Evoke: Wand              ||     4
  Use: Potion            ||     1
 Stab: Sleeping          ||     1
  Eat: Chunk             ||     4
Armor: Leather armour    ||     9
       Ring mail         ||    51
Dodge: Dodged            ||   106
Block: Buckler           ||     3
